 Dungeon Crawl Stone Soup version 0.29-a0-294-g83ea962da3 (webtiles) character file.

Game seed: 690721770670303570

124 Morbidden the Ruffian (level 4, -2/42 HPs)
             Began as a Troll Warper on Mar 18, 2022.
             Slain by Crazy Yiuf
             ... wielding a +4 quarterstaff of chaos
              (9 damage)
             ... on level 3 of the Dungeon.
             The game lasted 00:02:25 (2049 turns).

Morbidden the Ruffian (Troll Warper)                Turns: 2049, Time: 00:02:26

Health: -2/42      AC:  4    Str: 19    XL:     4   Next: 81%
Magic:  2/5        EV: 10    Int: 11    God:
Gold:   201        SH:  0    Dex:  9    Spells: 6/6 levels left

rFire   . . .      SeeInvis .     - Unarmed
rCold   . . .      Faith    .   (no shield)
rNeg    . . .      Spirit   .   a - +0 robe
rPois   .          Reflect  .   (helmet restricted)
rElec   .          Harm     .   (no cloak)
rCorr   .          Rampage  .   (gloves unavailable)
Will    .....                   (boots unavailable)
Stlth   +.........              k - amulet of the acrobat
HPRegen 0.94/turn               (no ring)
MPRegen 0.09/turn               (no ring)

@: no status effects
A: large, unfitting armour, claws 3, regeneration 1, shaggy fur 1, tough skin 1
a: no special abilities


You were on level 3 of the Dungeon.
You visited 1 branch of the dungeon, and saw 3 of its levels.

You collected 201 gold pieces.

Inventory:

Missiles
 c - 5 boomerangs of dispersal
 d - 8 poisoned darts (quivered)
Armour
 a - a +0 robe (worn)
 g - a scarf of invisibility
Jewellery
 k - an amulet of the acrobat (around neck)
Scrolls
 b - a scroll of blinking
 f - 3 scrolls of magic mapping {unknown}
 i - 2 scrolls of teleportation {unknown}
 j - a scroll of identify {unknown}
 l - a scroll of holy word {unknown}
Potions
 e - a potion of curing


   Skills:
 * Level 1.9 Fighting
 + Level 1.1 Throwing
 * Level 2.4 Dodging
 * Level 3.3 Unarmed Combat
 * Level 1.5 Spellcasting
 * Level 2.8 Translocations


You had 6 spell levels left.
You didn't know any spells.
Your spell library contained the following spells:

 Spells                   Type           Power      Damage    Failure   Level
 Blink                    Tloc           14%        N/A       14%         2
 Gell's Gravitas          Tloc           7%         N/A       28%         3
 Lesser Beckoning         Tloc           7%         N/A       28%         3
 Teleport Other           Tloc           7%         N/A       28%         3
 Sublimation of Blood     Necr           0%         N/A       43%         2
 Ignite Poison            Fire/Tmut/Pois 0%         N/A       67%         3
 Mephitic Cloud           Conj/Pois/Air  0%         N/A       67%         3
 Manifold Assault         Tloc           7%         N/A       95%         5
 Petrify                  Tmut/Erth      0%         N/A       97%         4
 Freezing Cloud           Conj/Ice/Air   0%         6-21      100%        5
 Irradiate                Conj/Tmut      0%         3d13      100%        5


Dungeon Overview and Level Annotations

Branches:
Dungeon (3/15)

Altars:

Annotations:
D:3 Crazy Yiuf


Innate Abilities, Weirdness & Mutations

You are too large for most types of armour.
You have claws for hands.
Your natural rate of healing is unusually fast.
You are covered in fur. (AC +1)
You have tough skin. (AC +1)


Message History

a +0 dagger; a +0 leather armour Could not explore, unopened runed door.
Could not explore, unopened runed door.
You open the door.
Throw: 9 darts (poison)
Press: ? - help, Q - select action, (/) - cycle Shift-Dir - straight line, f - Crazy Yiuf
Aim: Crazy Yiuf, wielding a +4 quarterstaff of chaos and wearing a +1 cloak of poison resistance (56% to hit)
You throw a poisoned dart.
The poisoned dart barely misses Crazy Yiuf.
Crazy Yiuf hits you but does no damage.
You scratch Crazy Yiuf but do no damage.
Crazy Yiuf hits you with a +4 quarterstaff of chaos!
You feel your power leaking away.
Unknown command.
Crazy Yiuf attacks as you move away! Crazy Yiuf misses you.
Crazy Yiuf attacks as you move away!
Crazy Yiuf hits you with a +4 quarterstaff of chaos!
You are confused.
Unknown command.
You miss Crazy Yiuf. Your claw misses Crazy Yiuf.
Crazy Yiuf hits you with a +4 quarterstaff of chaos!
* * * LOW HITPOINT WARNING * * *
You resist with significant effort.
Unknown command.
Unknown command.
You don't know any spells.
Unknown command.
Sorry, you're not good enough to have a special ability.
Unknown command.
It was a potion of cancellation.
Your magical effects are unravelling.
You feel magically purged.
You feel less confused.
Crazy Yiuf hits you with a +4 quarterstaff of chaos.
* * * LOW HITPOINT WARNING * * *
You resist with some effort.
You claw Crazy Yiuf!
Crazy Yiuf is heavily wounded.
Crazy Yiuf hits you with a +4 quarterstaff of chaos!
You die...

#.()#
#......####
#...#
#..........
...
#.#########
#'# #.#
♣♣.♣ #.#
♣.♣♣ #.#
♣♣.♣ #.#
♣g♣♣ #.#
♣♣@♣♣ #.#
♣.PP♣♣ #.#
♣...P♣ #.#
##..## #.#
#....####.#
##........#
##...#####
#####


You could see Crazy Yiuf.

Vanquished Creatures
  A scorpion (D:2)
  An adder (D:2)
  A worm (D:3)
  A dart slug (D:3)
  2 orcs (D:3)
  6 ball pythons
  5 bats
  5 endoplasms
  4 giant cockroaches
  7 goblins
  3 hobgoblins (D:1)
  2 quokkas (D:1)
  A frilled lizard (D:2)
  4 kobolds
  4 rats
47 creatures vanquished.

Notes
Turn   | Place    | Note
-------+----------+-------------------------------------------
     0 | D:1      | Morbidden the Troll Warper began the quest for the Orb.
     0 | D:1      | Reached XP level 1. HP: 19/19 MP: 1/1
   103 | D:1      | Reached XP level 2. HP: 27/27 MP: 2/2
   124 | D:1      | Found a faded altar of an unknown god.
   577 | D:2      | Reached XP level 3. HP: 35/35 MP: 4/4
   577 | D:2      | Noticed a scorpion
   593 | D:2      | Killed a scorpion
   594 | D:2      | Reached skill level 1 in Throwing
   594 | D:2      | Reached XP level 4. HP: 9/42 MP: 5/5
   817 | D:2      | Reached skill level 3 in Unarmed Combat
  1517 | D:3      | Found a runed translucent door.
  1518 | D:3      | Noticed Crazy Yiuf
  2049 | D:3      | Slain by Crazy Yiuf

Illustrated notes

Levels and vault maps discovered:
D:1:      eino_arrival_cavern_c, layout_rooms, shapermc_ecumenical_altar_venn,
          minivault_26, minmay_misc_feat_enclosed
D:2:      layout_rooms
D:3:      layout_basic, uniq_crazy_yiuf_cottage

Skill      XL: |  1  2  3  4 |
---------------+-------------+-----
Dodging        | 2 |  2.4
Throwing       | 1 |  1.1
Unarmed Combat | 3 |  3.3
Fighting       | |  1.9
Spellcasting   | |  1.5
Translocations | |  2.8

Action                   |  1- 3 |  4- 6 || total
-------------------------+-------+-------++-------
Melee: Unarmed           |    71 |    54 ||   125
       Punch             |     1 |     2 ||     3
Throw: Boomerang         |     2 |       ||     2
       Dart              |     1 |     4 ||     5
  Use: Potion            |     1 |     1 ||     2
Armor: Robe              |    28 |    19 ||    47
Dodge: Dodged            |    31 |    24 ||    55

Table legend: (Time is in decaauts)
 A = Elapsed time spent in this place.
 B = Non-inter-level travel time spent in this place.
 C = Inter-level travel time spent in this place.
 D = Time resting spent in this place.
 E = Time spent auto-exploring this place.
 F = Levels seen in this place.
 G = Mean time per level.
                   A        B        C        D        E       F      G
               +--------+--------+--------+--------+--------+-----+--------+
         Total |   2042 |   2005 |     37 |    135 |   1513 |   3 |  680.7 |
       Dungeon |   2042 |   2005 |     37 |    135 |   1513 |   3 |  680.7 |
               +--------+--------+--------+--------+--------+-----+--------+

Top non-repeatable levels by time:
     D:3: 935 daAuts
     D:1: 562 daAuts
     D:2: 544 daAuts
